 Dungeon Crawl Stone Soup version 0.20-b1-2-gc5a9893 (webtiles) character file.

1088 MydosGodOfBeginnings the Magician (level 8, -8/50 HPs)
             Began as a Mummy Enchanter on May 22, 2017.
             Was an Initiate of Hepliaklqana.
             Mangled by an orc warrior (11 damage)
             ... on level 5 of the Dungeon.
             The game lasted 00:24:17 (8090 turns).

MydosGodOfBeginnings the Magician (Mummy Enchanter) Turns: 8090, Time: 00:24:18

Health: -8/50      AC:  6    Str: 11    XL:     8   Next: 9%
Magic:  9/18       EV: 13    Int: 16    God:    Hepliaklqana [......]
Gold:   294        SH:  0    Dex: 13    Spells: 12/21 levels left

rFire    x . .     SeeInvis .   a - +1 dagger
rCold    + . .     Gourm    .   (no shield)
rNeg     + + +     Faith    .   b - +0 robe
rPois    ∞         Spirit   .   g - +2 helmet
rElec    .         Reflect  .   m - +0 cloak (curse)
rCorr    .         Harm     .   (no gloves)
MR       +....                  (no boots)
Stlth    ++........             (no amulet)
Regen    0.2/turn               (no ring)
MPRegen  0.2/turn               (no ring)

@: no status effects
A: no food or potions, fire vulnerability, reduced essence, cold resistance 1,
negative energy resistance 3, torment resistance, unbreathing
a: Recall Ancestor, Ancestor Identity, Renounce Religion


You were on level 5 of the Dungeon.
You worshipped Hepliaklqana.
Hepliaklqana was noncommittal.
You were not hungry.

You visited 2 branches of the dungeon, and saw 7 of its levels.
You also visited: Ossuary.

You collected 294 gold pieces.

Inventory:

Hand Weapons
 a - a +1 dagger (weapon)
Armour
 b - a +0 robe (worn)
 g - a +2 helmet (worn)
 m - a cursed +0 cloak (worn)
Wands
 f - a wand of random effects (17/48)
Scrolls
 d - 8 scrolls of remove curse {unknown}
 e - 10 scrolls of identify {unknown}
 h - 2 scrolls of random uselessness {unknown}
 i - 2 scrolls of amnesia {unknown}
 j - a scroll of teleportation {unknown}
 k - 2 scrolls of magic mapping
 l - a scroll of enchant armour {unknown}
Books
 c - a book of Maledictions

   Spells                             Type                      Level
   a - Corona                         Hexes                        1
   b - Ensorcelled Hibernation        Hexes/Ice                    2
   c - Confuse                        Hexes                        3
   d - Tukima's Dance                 Hexes                        3
   e - Dazzling Spray                 Conjuration/Hexes            3


   Skills:
 + Level 1.9 Fighting
 + Level 2.7 Short Blades
 + Level 2.7 Dodging
 - Level 2.4 Stealth
 * Level 7.3 Spellcasting
 * Level 5.9 Hexes


You had 12 spell levels left.
You knew the following spells:

 Your Spells              Type           Power        Failure   Level  Hunger
a - Corona                Hex            ###....      1%          1    N/A
b - Ensorcelled Hibernat  Hex/Ice        ###...       5%          2    N/A
c - Confuse               Hex            ###.....     3%          3    N/A
d - Tukima's Dance        Hex            ###.....     3%          3    N/A

Dungeon Overview and Level Annotations

Branches:
Dungeon (6/15)             Temple (1/1) D:5

Altars:
Ashenzari
Cheibriados
Dithmenos
Elyvilon
Fedhas
Gozag
Hepliaklqana
Kikubaaqudgha
Makhleb
Nemelex Xobeh
Okawaru
Qazlal
Ru
Sif Muna
Trog
Uskayaw
Vehumet
Xom
Yredelemnul
Zin

Shops:
D:5 =


Innate Abilities, Weirdness & Mutations

You do not eat or drink.
Your flesh is vulnerable to fire.
You are immune to poison.
Your flesh is cold resistant. (rC+)
You are immune to negative energy. (rN+++)
You are immune to unholy pain and torment.
You can survive without breathing.
Your life essence is reduced. (-10% HP)


Message History

The orc wizard casts a spell at you.
You are confused.
The orc wizard points at you and mumbles some strange words.
You are more confused.
The orc warrior throws a steel tomahawk.
The steel tomahawk hits you.
You see here a steel tomahawk.
You bump into the rock wall.
The orc warrior throws a steel tomahawk.
The steel tomahawk hits you!
* * * LOW HITPOINT WARNING * * *
You see here a steel tomahawk.
The orc wizard hits you but does no damage.
You bump into the rock wall.
The orc wizard hits you with a dagger of venom.
* * * LOW HITPOINT WARNING * * *
Unknown command.
You feel less confused. The orc warrior hits you!
You die...

....#..##....# #.# ###..........
.....#.###...# #%###............
.......###...## #.##.............
.#..#...###...# #....#...........
.##...#.###...# #..##............
.###.....###..###..##.#...<.....#
## #.#.#.# #..#..o###.#........##
# #...#.###....#(# #.#....#.### #
###..#.#......@o###.##..##.#
###........##....##...##..##.#
(...##.).........##...##..##.#
..####.#.###..##.(....##..##.#
..# #...8>8..........##..##)# ..#
##....#...........#..#..#### .###
###.....>..#...#######.....
>..######....!...##..#(....#.....
##...................#.≈.≈.#.....


You could see an orc warrior and an orc wizard.

Vanquished Creatures
  Grinder (D:4)
  Edmund (D:5)
  An ice beast (D:5)
  2 ogres (D:5)
  A centaur (D:5)
  A crimson imp (D:5)
  A hound (D:5)
  2 centaur skeletons (D:4)
  An iguana (D:5)
  2 worker ants
  An orc wizard (D:5)
  A worker ant zombie (D:4)
  Robin (D:1)
  A howler monkey skeleton (D:4)
  2 adders
  A shadow imp (D:5)
  An ooze (D:1)
  An adder skeleton (D:5)
  An adder zombie (D:1)
  2 worms
  A dart slug (D:2)
  2 leopard geckos
  5 orcs
  4 giant cockroaches (D:1)
  9 hobgoblins
  2 jackals (D:2)
  7 kobolds
  2 ball pythons
  11 bats
  5 frilled lizards
  12 goblins
  A goblin skeleton (Ossuary)
  A leopard gecko skeleton (D:5)
  An orc skeleton (Ossuary)
  6 rats
94 creatures vanquished.

Vanquished Creatures (collateral kills)
  A crimson imp (D:5)
  Crazy Yiuf (D:5)
  An orc wizard (D:5)
  A worker ant (D:5)
  An adder (D:5)
5 creatures vanquished.

Vanquished Creatures (others)
  A dancing weapon (D:5)
  2 ancestors
3 creatures vanquished.

Grand Total: 102 creatures vanquished

Notes
Turn   | Place    | Note
-------+----------+-------------------------------------------
     0 | D:1      | MydosGodOfBeginnings the Mummy Enchanter began the quest for the Orb.
     0 | D:1      | Reached XP level 1. HP: 13/13 MP: 4/4
     8 | D:1      | Noticed an ogre
   391 | D:1      | Reached XP level 2. HP: 8/19 MP: 2/5
   688 | D:1      | Reached skill level 3 in Spellcasting
  1260 | D:1      | Learned a level 2 spell: Ensorcelled Hibernation
  1271 | D:2      | Found a glowing silver altar of Zin.
  1273 | D:2      | Found a radiant altar of Vehumet.
  1900 | D:1      | Reached XP level 3. HP: 17/24 MP: 5/7
  1991 | D:2      | Learned a level 3 spell: Confuse
  2278 | D:2      | Noticed Robin
  2510 | D:1      | Reached skill level 1 in Short Blades
  2677 | D:1      | Killed Robin
  3136 | D:2      | Reached XP level 4. HP: 29/31 MP: 9/9
  4073 | D:4      | Found a shimmering altar of Xom.
  4102 | D:4      | Found a sand-covered staircase.
  4111 | Ossuary  | Entered an ossuary
  4755 | D:4      | Reached skill level 4 in Spellcasting
  4755 | D:4      | Reached XP level 5. HP: 14/36 MP: 2/11
  5103 | D:4      | Learned a level 3 spell: Tukima's Dance
  5499 | D:4      | Reached skill level 1 in Fighting
  5673 | D:4      | Noticed Grinder
  5697 | D:4      | Killed Grinder
  5697 | D:4      | Reached skill level 5 in Spellcasting
  5697 | D:4      | Reached XP level 6. HP: 41/43 MP: 1/14
  5941 | D:5      | Entered Level 5 of the Dungeon
  5989 | D:5      | Found Upnasmoi's Jewellery Emporium.
  6019 | D:5      | Found a hide-covered altar of Uskayaw.
  6136 | D:5      | Noticed Edmund
  6429 | D:5      | Killed Edmund
  6429 | D:5      | Reached skill level 6 in Spellcasting
  6429 | D:5      | Reached XP level 7. HP: 34/48 MP: 3/16
  6528 | D:5      | Found a staircase to the Ecumenical Temple.
  6547 | Temple   | Entered the Ecumenical Temple
  6754 | Temple   | Became a worshipper of Hepliaklqana the Forgotten
  6902 | D:5      | Reached skill level 5 in Hexes
  6985 | D:5      | Found a runed door.
  7610 | D:5      | Noticed Crazy Yiuf
  7624 | D:5      | Killed Crazy Yiuf
  7785 | D:6      | Found a blossoming altar of Fedhas.
  7851 | D:5      | Reached skill level 7 in Spellcasting
  7866 | D:5      | Reached XP level 8. HP: 20/50 MP: 2/18
  8090 | D:5      | Mangled by an orc warrior

Skill      XL: |  1  2  3  4  5  6  7 |
---------------+----------------------+-----
Hexes          | 3 4 5 |  5.9
Spellcasting   | 3 4 5 6 7 |  7.3
Short Blades   | 1 2 |  2.7
Dodging        | 2 |  2.7
Fighting       | 1 |  1.9
Stealth        | |  2.4

Action                   |  1- 3 |  4- 6 |  7- 9 || total
-------------------------+-------+-------+-------++-------
Melee: Dagger            |   198 |   264 |   135 ||   597
 Cast: Corona            |    18 |     3 |       ||    21
       Confuse           |     8 |    34 |    25 ||    67
       Ensorcelled Hiber |     1 |     4 |       ||     5
       Tukima's Dance    |       |       |    10 ||    10
Invok: Recall Ancestor   |       |       |     1 ||     1
  Use: Scroll            |       |     1 |       ||     1
 Stab: Sleeping          |     3 |     1 |       ||     4
       Confused          |     2 |    18 |     8 ||    28
Armor: Robe              |    34 |    59 |    24 ||   117
Dodge: Dodged            |   135 |   116 |    58 ||   309
